3377 views
Uploaded 2020-06-22 17:49:32
Game version 1.32.6 / 1.32.7
22:18 long 3on3 ladder game on (6)ThunderLake_LV
Saved by iggythefisk
3377 views
Uploaded 2020-06-22 17:49:32
Game version 1.32.6 / 1.32.7
22:18 long 3on3 ladder game on (6)ThunderLake_LV


82 units @ 6.9k
/ 0.3k
218 buildings @ 13.9k
/ 8k
iggythefisk
(22:18) : 


| Potion of Healing | 1 | 150 |
| Staff of Sanctuary | 3 | 750 |
| Lesser Clarity Potion | 1 | 70 |
| Potion of Invisibility | 1 | 100 |
| Boots of Speed | 3 | 750 |
| Staff of Teleportation | 3 | 450 |
| Circlet of Nobility | 1 | 175 |
| Healing Salve | 1 | 100 |
| Orb of Lightning | 1 | 375 |
| Ring of Protection +5 | 1 | 600 |
| total: | 16 | 3520g |
| Peasant | 20 | 1500 | / | 0 |
| Priest | 2 | 270 | / | 20 |
| total: | 22 | 1770g | / | 20w |
| Scout Tower | 55 | 1650 | / | 1100 |
| Arcane Tower | 8 | 560 | / | 400 |
| Guard Tower | 29 | 2030 | / | 1450 |
| Altar of Kings | 2 | 360 | / | 100 |
| Lumber Mill | 1 | 120 | / | 0 |
| Farm | 5 | 400 | / | 100 |
| Arcane Vault | 3 | 390 | / | 90 |
| Town Hall | 1 | 385 | / | 205 |
| Arcane Sanctum | 1 | 150 | / | 140 |
| Keep | 1 | 320 | / | 210 |
| Castle | 1 | 360 | / | 210 |
| total: | 68 | 3455g | / | 1735w |
| 0:02 | Peasant |
| 0:03 | Altar of Kings |
| 0:08 | Peasant |
| 0:19 | Altar of Kings |
| 0:20 | Peasant |
| 0:29 | Lumber Mill |
| 0:36 | Peasant |
| 0:48 | Farm |
| 0:56 | Farm |
| 0:59 | Peasant |
| 1:18 | Scout Tower |
| 1:21 | Scout Tower |
| 1:25 | Peasant |
| 1:31 | Peasant |
| 1:33 | Peasant |
| 1:46 | Peasant |
| 1:53 | Arcane Tower |
| 1:59 | Peasant |
| 2:12 | Scout Tower |
| 2:13 | Guard Tower |
| 2:18 | Scout Tower |
| 2:22 | Peasant |
| 2:24 | Scout Tower |
| 2:32 | Blizzard |
| 2:38 | Arcane Tower |
| 2:40 | Scout Tower |
| 2:41 | Peasant |
| 2:51 | Guard Tower |
| 2:56 | Scout Tower |
| 3:04 | Arcane Tower |
| 3:26 | Guard Tower |
| 3:27 | Scout Tower |
| 3:29 | Arcane Vault |
| 3:38 | Peasant |
| 3:38 | Peasant |
| 4:06 | Scout Tower |
| 4:27 | Keep |
| 4:33 | Guard Tower |
| 4:34 | Scout Tower |
| 5:02 | Guard Tower |
| 5:04 | Scout Tower |
| 5:04 | Scout Tower |
| 5:28 | Improved Masonry |
| 5:33 | Farm |
| 5:58 | Guard Tower |
| 6:00 | Scout Tower |
| 6:00 | Scout Tower |
| 6:02 | Scout Tower |
| 6:32 | Brilliance Aura |
| 6:39 | Town Hall |
| 6:45 | Scout Tower |
| 6:55 | Peasant |
| 7:12 | Arcane Tower |
| 7:24 | Potion of Invisibility |
| 7:42 | Arcane Tower |
| 7:49 | Scout Tower |
| 7:51 | Arcane Tower |
| 7:53 | Guard Tower |
| 7:55 | Storm Bolt |
| 8:09 | Peasant |
| 8:13 | Arcane Sanctum |
| 8:23 | Arcane Tower |
| 8:24 | Scout Tower |
| 8:39 | Advanced Masonry |
| 8:39 | Improved Lumber Harvesting |
| 8:42 | Peasant |
| 8:42 | Peasant |
| 8:58 | Guard Tower |
| 8:59 | Scout Tower |
| 9:09 | Boots of Speed |
| 9:09 | Staff of Teleportation |
| 9:55 | Guard Tower |
| 9:57 | Scout Tower |
| 9:59 | Castle |
| 10:27 | Guard Tower |
| 10:29 | Scout Tower |
| 10:29 | Scout Tower |
| 10:41 | Bash |
| 10:55 | Magic Sentry |
| 11:02 | Scout Tower |
| 11:06 | Guard Tower |
| 11:17 | Boots of Speed |
| 11:28 | Guard Tower |
| 11:30 | Scout Tower |
| 11:40 | Guard Tower |
| 11:42 | Scout Tower |
| 11:42 | Scout Tower |
| 12:08 | Potion of Healing |
| 12:10 | Staff of Teleportation |
| 12:11 | Circlet of Nobility |
| 12:13 | Guard Tower |
| 12:15 | Scout Tower |
| 12:16 | Scout Tower |
| 12:17 | Scout Tower |
| 12:30 | Arcane Vault |
| 12:40 | Guard Tower |
| 12:40 | Guard Tower |
| 12:42 | Scout Tower |
| 12:43 | Imbued Masonry |
| 12:43 | Advanced Lumber Harvesting |
| 12:55 | Blizzard |
| 13:10 | Guard Tower |
| 13:18 | Staff of Sanctuary |
| 13:34 | Holy Light |
| 13:36 | Arcane Vault |
| 13:37 | Guard Tower |
| 13:44 | Healing Salve |
| 14:15 | Lesser Clarity Potion |
| 14:20 | Guard Tower |
| 14:22 | Scout Tower |
| 14:22 | Scout Tower |
| 14:25 | Scout Tower |
| 14:25 | Scout Tower |
| 14:28 | Peasant |
| 14:30 | Priest Adept Training |
| 14:30 | Priest |
| 14:33 | Arcane Tower |
| 14:49 | Scout Tower |
| 14:50 | Scout Tower |
| 14:50 | Scout Tower |
| 14:50 | Scout Tower |
| 14:55 | Boots of Speed |
| 14:56 | Staff of Teleportation |
| 16:09 | Guard Tower |
| 16:19 | Scout Tower |
| 16:19 | Scout Tower |
| 16:22 | Guard Tower |
| 16:23 | Storm Bolt |
| 16:34 | Priest |
| 16:37 | Farm |
| 16:37 | Farm |
| 16:39 | Guard Tower |
| 17:16 | Peasant |
| 17:18 | Scout Tower |
| 17:18 | Scout Tower |
| 17:19 | Scout Tower |
| 17:37 | Scout Tower |
| 17:54 | Staff of Sanctuary |
| 18:01 | Scout Tower |
| 18:01 | Scout Tower |
| 18:02 | Scout Tower |
| 18:09 | Orb of Lightning |
| 18:47 | Guard Tower |
| 19:22 | Guard Tower |
| 19:23 | Divine Shield |
| 19:36 | Guard Tower |
| 19:37 | Scout Tower |
| 19:38 | Scout Tower |
| 19:48 | Scout Tower |
| 20:15 | Staff of Sanctuary |
| 20:25 | Ring of Protection +5 |
| 20:34 | Scout Tower |
| 20:55 | Guard Tower |
| 20:56 | Scout Tower |
| 20:57 | Scout Tower |
| 21:40 | Guard Tower |
| 21:47 | Guard Tower |
| 21:48 | Guard Tower |
| 21:50 | Scout Tower |
| 21:51 | Scout Tower |
| Right click | 1229 |
| Select group | 638 |
| Select | 325 |
| Assign group | 254 |
| Build/train/purchase | 171 |
| Use ability | 93 |
| Chat | 78 |
| Resource trade | 11 |
| Item give/drop | 9 |
| Minimap ping | 4 |
| Misc. action | 1 |



| Staff of Teleportation | 2 | 300 |
| Boots of Speed | 1 | 250 |
| Healing Salve | 2 | 200 |
| Orb of Lightning | 1 | 375 |
| Potion of Greater Healing | 1 | 400 |
| total: | 7 | 1525g |
| Peasant | 38 | 2850 | / | 0 |
| total: | 38 | 2850g | / | 0w |
| Scout Tower | 88 | 2640 | / | 1760 |
| Guard Tower | 46 | 3220 | / | 2300 |
| Arcane Tower | 2 | 140 | / | 100 |
| Altar of Kings | 1 | 180 | / | 50 |
| Lumber Mill | 2 | 240 | / | 0 |
| Farm | 5 | 400 | / | 100 |
| Arcane Vault | 1 | 130 | / | 30 |
| Town Hall | 1 | 385 | / | 205 |
| Arcane Sanctum | 1 | 150 | / | 140 |
| Keep | 1 | 320 | / | 210 |
| Castle | 1 | 360 | / | 210 |
| total: | 99 | 4125g | / | 2285w |
| 0:00 | Peasant |
| 0:05 | Altar of Kings |
| 0:06 | Peasant |
| 0:17 | Lumber Mill |
| 0:31 | Peasant |
| 0:32 | Farm |
| 0:33 | Peasant |
| 0:46 | Peasant |
| 1:02 | Peasant |
| 1:07 | Scout Tower |
| 1:17 | Peasant |
| 1:22 | Farm |
| 1:33 | Scout Tower |
| 1:34 | Guard Tower |
| 1:37 | Scout Tower |
| 1:38 | Peasant |
| 1:46 | Peasant |
| 1:55 | Peasant |
| 2:00 | Scout Tower |
| 2:01 | Guard Tower |
| 2:09 | Peasant |
| 2:15 | Blizzard |
| 2:17 | Guard Tower |
| 2:27 | Scout Tower |
| 2:30 | Scout Tower |
| 2:32 | Peasant |
| 2:47 | Peasant |
| 3:10 | Guard Tower |
| 3:11 | Scout Tower |
| 3:15 | Scout Tower |
| 3:16 | Scout Tower |
| 3:20 | Peasant |
| 3:22 | Farm |
| 3:45 | Guard Tower |
| 3:47 | Scout Tower |
| 3:58 | Peasant |
| 3:58 | Peasant |
| 4:03 | Arcane Tower |
| 4:09 | Staff of Teleportation |
| 4:44 | Arcane Vault |
| 4:45 | Guard Tower |
| 4:47 | Guard Tower |
| 4:48 | Scout Tower |
| 4:54 | Peasant |
| 4:55 | Peasant |
| 5:08 | Scout Tower |
| 5:09 | Scout Tower |
| 5:10 | Scout Tower |
| 5:23 | Guard Tower |
| 5:25 | Scout Tower |
| 5:26 | Scout Tower |
| 5:29 | Scout Tower |
| 5:34 | Peasant |
| 5:34 | Peasant |
| 5:46 | Improved Masonry |
| 6:14 | Peasant |
| 6:14 | Peasant |
| 6:44 | Guard Tower |
| 6:45 | Guard Tower |
| 6:55 | Brilliance Aura |
| 7:08 | Guard Tower |
| 7:12 | Town Hall |
| 7:14 | Peasant |
| 7:21 | Scout Tower |
| 7:24 | Scout Tower |
| 7:35 | Healing Salve |
| 7:42 | Scout Tower |
| 7:45 | Peasant |
| 7:53 | Guard Tower |
| 8:03 | Peasant |
| 8:18 | Scout Tower |
| 8:19 | Guard Tower |
| 8:24 | Arcane Tower |
| 8:31 | Guard Tower |
| 8:38 | Guard Tower |
| 8:45 | Peasant |
| 8:52 | Guard Tower |
| 8:54 | Peasant |
| 9:02 | Scout Tower |
| 9:03 | Scout Tower |
| 9:53 | Scout Tower |
| 9:58 | Scout Tower |
| 10:00 | Keep |
| 10:05 | Peasant |
| 10:06 | Peasant |
| 10:26 | Guard Tower |
| 10:27 | Scout Tower |
| 10:28 | Scout Tower |
| 10:31 | Scout Tower |
| 10:32 | Scout Tower |
| 10:33 | Scout Tower |
| 11:02 | Guard Tower |
| 11:03 | Scout Tower |
| 11:03 | Scout Tower |
| 11:04 | Scout Tower |
| 11:05 | Scout Tower |
| 11:06 | Guard Tower |
| 11:24 | Guard Tower |
| 11:33 | Scout Tower |
| 11:33 | Scout Tower |
| 11:35 | Scout Tower |
| 11:36 | Scout Tower |
| 11:45 | Peasant |
| 11:51 | Guard Tower |
| 11:52 | Scout Tower |
| 11:59 | Guard Tower |
| 12:00 | Guard Tower |
| 12:04 | Guard Tower |
| 12:07 | Guard Tower |
| 12:14 | Scout Tower |
| 12:15 | Scout Tower |
| 12:17 | Scout Tower |
| 12:30 | Peasant |
| 12:41 | Guard Tower |
| 12:46 | Scout Tower |
| 12:51 | Castle |
| 12:52 | Advanced Masonry |
| 12:54 | Peasant |
| 12:54 | Peasant |
| 13:00 | Guard Tower |
| 13:05 | Guard Tower |
| 13:16 | Peasant |
| 13:23 | Guard Tower |
| 13:29 | Scout Tower |
| 13:33 | Scout Tower |
| 13:36 | Scout Tower |
| 13:37 | Scout Tower |
| 13:41 | Scout Tower |
| 13:42 | Scout Tower |
| 13:43 | Scout Tower |
| 13:49 | Storm Bolt |
| 14:05 | Guard Tower |
| 14:11 | Guard Tower |
| 14:13 | Guard Tower |
| 14:15 | Scout Tower |
| 14:18 | Lumber Mill |
| 14:23 | Scout Tower |
| 14:24 | Scout Tower |
| 14:25 | Scout Tower |
| 14:36 | Guard Tower |
| 14:38 | Scout Tower |
| 14:44 | Guard Tower |
| 14:45 | Scout Tower |
| 14:49 | Arcane Sanctum |
| 14:56 | Guard Tower |
| 14:57 | Guard Tower |
| 15:03 | Scout Tower |
| 15:11 | Scout Tower |
| 15:13 | Scout Tower |
| 15:38 | Guard Tower |
| 15:40 | Scout Tower |
| 15:42 | Scout Tower |
| 15:43 | Scout Tower |
| 15:53 | Peasant |
| 15:53 | Peasant |
| 16:08 | Magic Sentry |
| 16:20 | Imbued Masonry |
| 16:30 | Scout Tower |
| 16:31 | Guard Tower |
| 16:37 | Scout Tower |
| 16:38 | Scout Tower |
| 16:39 | Scout Tower |
| 17:15 | Scout Tower |
| 17:16 | Scout Tower |
| 17:17 | Scout Tower |
| 17:21 | Guard Tower |
| 17:24 | Scout Tower |
| 17:25 | Scout Tower |
| 17:30 | Improved Lumber Harvesting |
| 17:52 | Guard Tower |
| 17:54 | Scout Tower |
| 17:55 | Guard Tower |
| 17:57 | Scout Tower |
| 17:57 | Scout Tower |
| 17:58 | Scout Tower |
| 17:59 | Scout Tower |
| 18:00 | Scout Tower |
| 18:02 | Scout Tower |
| 18:02 | Scout Tower |
| 18:03 | Scout Tower |
| 18:11 | Peasant |
| 18:11 | Farm |
| 18:16 | Guard Tower |
| 18:25 | Farm |
| 18:57 | Potion of Greater Healing |
| 19:24 | Staff of Teleportation |
| 19:24 | Boots of Speed |
| 19:30 | Guard Tower |
| 19:53 | Peasant |
| 20:06 | Guard Tower |
| 20:29 | Holy Light |
| 20:31 | Healing Salve |
| 20:34 | Orb of Lightning |
| 20:36 | Scout Tower |
| 20:37 | Scout Tower |
| 20:37 | Scout Tower |
| 21:25 | Guard Tower |
| 21:27 | Scout Tower |
| 21:27 | Scout Tower |
| 21:28 | Scout Tower |
| 21:29 | Scout Tower |
| 21:30 | Scout Tower |
| 22:00 | Blizzard |
| Right click | 1459 |
| Select | 686 |
| Build/train/purchase | 215 |
| Select group | 214 |
| Assign group | 95 |
| Use ability | 89 |
| Chat | 44 |
| Misc. action | 7 |
| Resource trade | 7 |
| Minimap ping | 2 |


| Healing Salve | 3 | 300 |
| Lesser Clarity Potion | 6 | 420 |
| Orb of Lightning | 2 | 750 |
| Boots of Speed | 2 | 500 |
| Staff of Teleportation | 2 | 300 |
| Staff of Sanctuary | 1 | 250 |
| Amulet of Spell Shield | 1 | 600 |
| total: | 17 | 3120g |
| Peon | 15 | 1125 | / | 0 |
| Troll Batrider | 7 | 1120 | / | 280 |
| total: | 22 | 2245g | / | 280w |
| Watch Tower | 41 | 4510 | / | 3280 |
| Altar of Storms | 1 | 180 | / | 50 |
| Orc Burrow | 3 | 480 | / | 120 |
| War Mill | 1 | 205 | / | 0 |
| Voodoo Lounge | 2 | 260 | / | 60 |
| Great Hall | 1 | 385 | / | 185 |
| Beastiary | 2 | 290 | / | 280 |
| Stronghold | 1 | 315 | / | 190 |
| Fortress | 1 | 325 | / | 190 |
| total: | 51 | 6310g | / | 3975w |
| 0:03 | Altar of Storms |
| 0:04 | Peon |
| 0:04 | Peon |
| 0:04 | Peon |
| 0:14 | Orc Burrow |
| 0:27 | Peon |
| 0:54 | Peon |
| 0:58 | War Mill |
| 1:20 | Peon |
| 1:31 | Peon |
| 1:45 | Voodoo Lounge |
| 1:50 | Peon |
| 1:50 | Peon |
| 2:24 | Voodoo Lounge |
| 2:29 | Peon |
| 2:30 | Peon |
| 2:33 | Orc Burrow |
| 2:40 | Watch Tower |
| 2:44 | Watch Tower |
| 2:47 | Wind Walk |
| 2:53 | Peon |
| 2:54 | Peon |
| 3:05 | Peon |
| 3:32 | Watch Tower |
| 3:53 | Watch Tower |
| 3:57 | Peon |
| 4:12 | Boots of Speed |
| 4:12 | Staff of Teleportation |
| 4:25 | Healing Salve |
| 4:26 | Lesser Clarity Potion |
| 4:50 | Watch Tower |
| 5:20 | Watch Tower |
| 5:21 | Stronghold |
| 5:45 | Spiked Barricades |
| 5:56 | Watch Tower |
| 6:22 | Watch Tower |
| 7:14 | Critical Strike |
| 7:17 | Watch Tower |
| 7:28 | Watch Tower |
| 7:41 | Lesser Clarity Potion |
| 7:43 | Fortress |
| 8:06 | Beastiary |
| 8:08 | Beastiary |
| 8:23 | Watch Tower |
| 8:39 | Watch Tower |
| 8:45 | Hex |
| 9:32 | Watch Tower |
| 9:45 | Watch Tower |
| 9:55 | Boots of Speed |
| 9:55 | Staff of Teleportation |
| 10:02 | Orc Burrow |
| 10:05 | Reinforced Defenses |
| 10:18 | Orb of Lightning |
| 10:50 | Watch Tower |
| 10:53 | Great Hall |
| 11:01 | Watch Tower |
| 11:15 | Healing Salve |
| 11:15 | Lesser Clarity Potion |
| 11:15 | Lesser Clarity Potion |
| 11:34 | Troll Batrider |
| 11:34 | Troll Batrider |
| 11:57 | Watch Tower |
| 12:09 | Troll Batrider |
| 12:12 | Critical Strike |
| 12:27 | Watch Tower |
| 12:46 | Orb of Lightning |
| 13:07 | Healing Wave |
| 13:14 | Watch Tower |
| 13:16 | Watch Tower |
| 13:18 | Watch Tower |
| 13:41 | Troll Batrider |
| 13:50 | Watch Tower |
| 14:07 | Watch Tower |
| 14:07 | Watch Tower |
| 14:07 | Watch Tower |
| 14:08 | Watch Tower |
| 14:08 | Watch Tower |
| 14:09 | Watch Tower |
| 14:12 | Steel Ranged Weapons |
| 14:15 | Troll Batrider |
| 14:15 | Liquid Fire |
| 14:19 | Watch Tower |
| 15:00 | Watch Tower |
| 15:38 | Watch Tower |
| 15:47 | Troll Batrider |
| 15:48 | Troll Batrider |
| 16:04 | Watch Tower |
| 16:32 | Staff of Sanctuary |
| 16:48 | Watch Tower |
| 17:24 | Thorium Ranged Weapons |
| 17:29 | Watch Tower |
| 17:51 | Healing Wave |
| 17:54 | Watch Tower |
| 18:25 | Amulet of Spell Shield |
| 18:35 | Watch Tower |
| 19:32 | Wind Walk |
| 19:40 | Watch Tower |
| 19:47 | Watch Tower |
| 20:03 | Healing Salve |
| 20:06 | Lesser Clarity Potion |
| 20:27 | Lesser Clarity Potion |
| 20:43 | Watch Tower |
| 21:29 | Watch Tower |
| 21:52 | Watch Tower |
| Right click | 994 |
| Select group | 639 |
| Select | 167 |
| Build/train/purchase | 102 |
| Use ability | 38 |
| Chat | 30 |
| Assign group | 16 |
| Misc. action | 16 |
| Minimap ping | 10 |
| Resource trade | 10 |
| Item give/drop | 9 |
106 units @ 16.6k
/ 2.8k
56 buildings @ 8.8k
/ 4.2k


| Rod of Necromancy | 1 | 150 |
| Potion of Healing | 2 | 300 |
| total: | 3 | 450g |
| Acolyte | 12 | 900 | / | 0 |
| Ghoul | 7 | 840 | / | 0 |
| Crypt Fiend | 3 | 645 | / | 120 |
| Meat Wagon | 10 | 2300 | / | 500 |
| Obsidian Statue | 1 | 200 | / | 35 |
| Frost Wyrm | 3 | 1155 | / | 360 |
| total: | 36 | 6040g | / | 1015w |
| Nerubian Tower | 1 | 100 | / | 20 |
| Crypt | 1 | 200 | / | 50 |
| Altar of Darkness | 1 | 180 | / | 50 |
| Ziggurat | 9 | 1350 | / | 450 |
| Tomb of Relics | 1 | 130 | / | 30 |
| Graveyard | 1 | 215 | / | 0 |
| Slaughterhouse | 1 | 140 | / | 135 |
| Sacrificial Pit | 1 | 75 | / | 150 |
| Boneyard | 2 | 350 | / | 400 |
| Halls of the Dead | 1 | 320 | / | 210 |
| Black Citadel | 1 | 325 | / | 230 |
| total: | 17 | 2640g | / | 1265w |
| 0:05 | Acolyte |
| 0:05 | Acolyte |
| 0:32 | Crypt |
| 0:35 | Altar of Darkness |
| 0:38 | Ziggurat |
| 1:03 | Ziggurat |
| 1:08 | Tomb of Relics |
| 1:29 | Graveyard |
| 1:41 | Ghoul |
| 1:58 | Ghoul |
| 2:14 | Ghoul |
| 2:28 | Ghoul |
| 2:40 | Nerubian Tower |
| 2:47 | Rod of Necromancy |
| 3:19 | Acolyte |
| 3:21 | Crypt Fiend |
| 3:26 | Carrion Beetles |
| 4:01 | Halls of the Dead |
| 4:17 | Crypt Fiend |
| 5:10 | Crypt Fiend |
| 5:41 | Spiked Carapace |
| 6:00 | Ghoul |
| 6:01 | Ghoul |
| 6:01 | Ghoul |
| 7:15 | Ziggurat |
| 7:15 | Ziggurat |
| 7:19 | Slaughterhouse |
| 7:25 | Potion of Healing |
| 7:36 | Ziggurat |
| 7:36 | Ziggurat |
| 8:23 | Acolyte |
| 8:23 | Acolyte |
| 8:24 | Acolyte |
| 8:24 | Acolyte |
| 8:31 | Meat Wagon |
| 8:31 | Meat Wagon |
| 9:40 | Meat Wagon |
| 10:00 | Potion of Healing |
| 10:02 | Death Coil |
| 10:30 | Acolyte |
| 10:30 | Acolyte |
| 10:30 | Acolyte |
| 10:30 | Acolyte |
| 10:33 | Acolyte |
| 10:55 | Meat Wagon |
| 10:55 | Meat Wagon |
| 11:30 | Obsidian Statue |
| 11:46 | Meat Wagon |
| 12:42 | Meat Wagon |
| 12:42 | Meat Wagon |
| 12:43 | Black Citadel |
| 13:20 | Sacrificial Pit |
| 13:23 | Ziggurat |
| 13:23 | Ziggurat |
| 13:24 | Ziggurat |
| 13:28 | Meat Wagon |
| 14:31 | Meat Wagon |
| 15:15 | Boneyard |
| 15:16 | Boneyard |
| 16:57 | Frost Wyrm |
| 16:58 | Freezing Breath |
| 18:03 | Frost Wyrm |
| 18:31 | Frost Wyrm |
| Right click | 437 |
| Select group | 226 |
| Select | 224 |
| Build/train/purchase | 61 |
| Assign group | 43 |
| Misc. action | 17 |
| Minimap ping | 10 |
| Resource trade | 5 |
| Use ability | 4 |
| Remove unit | 2 |


| Potion of Healing | 2 | 300 |
| Potion of Mana | 1 | 200 |
| Scroll of Town Portal | 1 | 350 |
| total: | 4 | 850g |
| Acolyte | 18 | 1350 | / | 0 |
| Ghoul | 3 | 360 | / | 0 |
| Crypt Fiend | 8 | 1720 | / | 320 |
| Meat Wagon | 5 | 1150 | / | 250 |
| Obsidian Statue | 4 | 800 | / | 140 |
| Frost Wyrm | 4 | 1540 | / | 480 |
| total: | 42 | 6920g | / | 1190w |
| Nerubian Tower | 1 | 100 | / | 20 |
| Spirit Tower | 5 | 725 | / | 200 |
| Crypt | 1 | 200 | / | 50 |
| Graveyard | 1 | 215 | / | 0 |
| Ziggurat | 10 | 1500 | / | 500 |
| Altar of Darkness | 1 | 180 | / | 50 |
| Tomb of Relics | 1 | 130 | / | 30 |
| Slaughterhouse | 2 | 280 | / | 270 |
| Sacrificial Pit | 1 | 75 | / | 150 |
| Boneyard | 2 | 350 | / | 400 |
| Halls of the Dead | 1 | 320 | / | 210 |
| Black Citadel | 1 | 325 | / | 230 |
| total: | 19 | 2930g | / | 1450w |
| 0:06 | Acolyte |
| 0:06 | Acolyte |
| 0:17 | Crypt |
| 0:23 | Graveyard |
| 0:44 | Ziggurat |
| 1:00 | Altar of Darkness |
| 1:19 | Ghoul |
| 1:25 | Ghoul |
| 1:41 | Ziggurat |
| 2:01 | Crypt Fiend |
| 2:31 | Crypt Fiend |
| 2:58 | Crypt Fiend |
| 3:12 | Ziggurat |
| 3:15 | Acolyte |
| 3:22 | Death Coil |
| 3:59 | Crypt Fiend |
| 4:32 | Acolyte |
| 5:25 | Acolyte |
| 5:28 | Crypt Fiend |
| 5:32 | Nerubian Tower |
| 5:33 | Spirit Tower |
| 5:43 | Tomb of Relics |
| 5:56 | Acolyte |
| 6:10 | Halls of the Dead |
| 6:24 | Crypt Fiend |
| 6:31 | Spirit Tower |
| 7:10 | Crypt Fiend |
| 7:12 | Ziggurat |
| 7:38 | Crypt Fiend |
| 7:39 | Creature Attack |
| 7:43 | Unholy Aura |
| 8:18 | Spirit Tower |
| 8:37 | Death Coil |
| 8:53 | Slaughterhouse |
| 9:01 | Potion of Healing |
| 9:33 | Acolyte |
| 9:33 | Acolyte |
| 9:33 | Acolyte |
| 10:09 | Meat Wagon |
| 10:09 | Meat Wagon |
| 10:30 | Ziggurat |
| 10:56 | Unholy Strength |
| 11:24 | Frost Nova |
| 11:34 | Acolyte |
| 11:34 | Acolyte |
| 12:12 | Obsidian Statue |
| 12:12 | Obsidian Statue |
| 12:17 | Slaughterhouse |
| 13:39 | Potion of Mana |
| 13:40 | Potion of Healing |
| 13:41 | Scroll of Town Portal |
| 14:06 | Acolyte |
| 14:06 | Acolyte |
| 14:12 | Sacrificial Pit |
| 14:13 | Obsidian Statue |
| 14:16 | Meat Wagon |
| 14:42 | Ghoul |
| 14:47 | Black Citadel |
| 14:56 | Ziggurat |
| 15:00 | Ziggurat |
| 15:42 | Exhume Corpses |
| 16:31 | Obsidian Statue |
| 16:34 | Meat Wagon |
| 16:35 | Meat Wagon |
| 17:14 | Ziggurat |
| 17:15 | Ziggurat |
| 17:19 | Boneyard |
| 17:19 | Boneyard |
| 17:52 | Spirit Tower |
| 18:13 | Acolyte |
| 18:13 | Acolyte |
| 18:13 | Acolyte |
| 18:14 | Acolyte |
| 18:14 | Acolyte |
| 18:43 | Spirit Tower |
| 19:21 | Frost Wyrm |
| 20:01 | Frost Wyrm |
| 20:43 | Frost Wyrm |
| 20:59 | Ziggurat |
| 21:06 | Frost Wyrm |
| Right click | 806 |
| Select | 395 |
| Build/train/purchase | 82 |
| Use ability | 20 |
| Chat | 14 |
| Minimap ping | 11 |
| Remove unit | 5 |



| Healing Salve | 2 | 200 |
| total: | 2 | 200g |
| Peon | 14 | 1050 | / | 0 |
| Tauren | 3 | 840 | / | 240 |
| Troll Witch Doctor | 5 | 725 | / | 125 |
| Shaman | 3 | 390 | / | 60 |
| Demolisher | 3 | 660 | / | 150 |
| total: | 28 | 3665g | / | 575w |
| Watch Tower | 5 | 550 | / | 400 |
| Altar of Storms | 1 | 180 | / | 50 |
| Orc Burrow | 6 | 960 | / | 240 |
| Voodoo Lounge | 1 | 130 | / | 30 |
| War Mill | 1 | 205 | / | 0 |
| Great Hall | 1 | 385 | / | 185 |
| Barracks | 2 | 360 | / | 100 |
| Spirit Lodge | 2 | 300 | / | 300 |
| Tauren Totem | 1 | 135 | / | 155 |
| Stronghold | 3 | 945 | / | 570 |
| Fortress | 1 | 325 | / | 190 |
| total: | 20 | 3205g | / | 1460w |
| 0:05 | Peon |
| 0:05 | Peon |
| 0:05 | Peon |
| 0:09 | Altar of Storms |
| 0:16 | Orc Burrow |
| 0:24 | Peon |
| 0:37 | Peon |
| 0:52 | Voodoo Lounge |
| 1:06 | Peon |
| 1:06 | Peon |
| 1:06 | Peon |
| 1:13 | Peon |
| 1:19 | Peon |
| 2:10 | Healing Salve |
| 2:10 | Healing Salve |
| 2:14 | Wind Walk |
| 2:20 | Stronghold |
| 2:29 | Orc Burrow |
| 2:30 | Orc Burrow |
| 2:31 | Orc Burrow |
| 3:20 | War Mill |
| 4:33 | Critical Strike |
| 5:01 | Spirit Lodge |
| 5:01 | Spirit Lodge |
| 5:11 | Fortress |
| 5:55 | Healing Wave |
| 6:10 | Great Hall |
| 6:42 | Witch Doctor Adept Training |
| 6:42 | Shaman Adept Training |
| 6:48 | Tauren Totem |
| 6:55 | Critical Strike |
| 7:52 | Witch Doctor Master Training |
| 7:52 | Shaman Master Training |
| 8:15 | Tauren |
| 9:00 | Tauren |
| 9:02 | Troll Witch Doctor |
| 9:09 | War Stomp |
| 9:49 | Hex |
| 10:11 | Peon |
| 10:11 | Peon |
| 10:11 | Peon |
| 10:12 | Peon |
| 11:02 | Troll Witch Doctor |
| 11:02 | Troll Witch Doctor |
| 11:22 | Orc Burrow |
| 11:24 | Orc Burrow |
| 11:25 | Steel Melee Weapons |
| 11:26 | Steel Armor |
| 11:28 | Tauren |
| 11:28 | Pulverize |
| 12:50 | Watch Tower |
| 12:52 | Watch Tower |
| 13:23 | Shaman |
| 13:24 | Shaman |
| 13:25 | Shaman |
| 14:31 | Barracks |
| 14:33 | Barracks |
| 14:41 | Thorium Melee Weapons |
| 14:41 | Thorium Armor |
| 15:03 | Watch Tower |
| 15:38 | Watch Tower |
| 16:37 | Burning Oil |
| 17:01 | Watch Tower |
| 17:31 | Demolisher |
| 17:32 | Demolisher |
| 17:35 | Demolisher |
| 21:48 | Troll Witch Doctor |
| 21:49 | Troll Witch Doctor |
| Select group | 365 |
| Select | 174 |
| Right click | 168 |
| Misc. action | 133 |
| Build/train/purchase | 70 |
| Chat | 28 |
| Use ability | 24 |
| Minimap ping | 22 |
| Assign group | 21 |
| Esc | 2 |
| Remove unit | 1 |
⇛